Map: Тритон РВ

Players

lllllllltard - Winner!

  • Race: Protoss Protoss
  • League: Diamond
  • Spawn Location: 11:00

Billi

  • Race: Zerg Zerg
  • League: Platinum
  • Spawn Location: 5:00

VOD

Have the link to the VOD?

Description

Time

  • Played on: Feb. 17, 2020, 11:36 p.m.
  • Length: 6:03
Show
View Real Time Build Order
Export as new Build Order

lllllllltard Protoss - Winner!

Build Orders: 1 Gate Expand 

Get SALT Encoding   

  12  0:02  Probe (Chrono Boost)  
  13  0:12  Probe (Chrono Boost)  
  14  0:18  Pylon  
  14  0:23  Probe  
  15  0:42  Probe  
  16  0:43  Gateway  
  16  0:52  Assimilator  
  17  0:57  Probe  
  17  1:09  Probe  
  18  1:25  Nexus  
  18  1:27  Probe (Chrono Boost)  
  19  1:40  Cybernetics Core  
  19  1:44  Probe  
  20  1:54  Pylon  
  20  2:00  Gateway  
  20  2:04  Zealot (Chrono Boost)  
  23  2:08  Probe  
  23  2:30  Pylon  
  23  2:32  Assimilator  
  23  2:36  Stalker, Probe  
  26  2:38  Probe, Warp Gate (Chrono Boost)  
  27  2:48  Probe  
  28  2:52  Pylon, Probe  
  29  3:00  Probe  
  29  3:05  Adept  
  32  3:06  Adept  
  34  3:15  Robotics Facility  
  34  3:19  Probe (Chrono Boost)  
  36  3:20  Probe (Chrono Boost)  
  36  3:31  Probe (Chrono Boost)  
  36  3:32  Twilight Council  
  36  3:33  Probe (Chrono Boost)  
  37  3:35  Assimilator  
  37  3:36  Assimilator  
  38  3:51  Probe  
  38  3:52  Gateway  
  39  3:57  Gateway  
  39  4:02  Warp Prism  
  41  4:12  Probe x2  
  43  4:24  Probe x2  
  45  4:36  Probe x2  
  45  4:48  Probe  
  45  4:50  Dark Shrine  
  44  4:56  Stalker  
  44  4:57  Gateway, Stalker x2  
  50  5:03  Probe x2  
  50  5:04  Gateway  
  52  5:15  Probe x2  
  54  6:02  Pylon  
Show
View Real Time Build Order
Export as new Build Order

Billi Zerg 

Build Orders: Hatch First 

Get SALT Encoding   

  12  0:01  Drone  
  13  0:09  Drone  
  14  0:19  Overlord  
  14  0:47  Hatchery  
  13  0:56  Drone x3  
  16  1:18  Extractor, Spawning Pool  
  16  1:24  Drone x2  
  16  1:34  Drone  
  17  2:06  Drone x3  
  20  2:09  Hatchery  
  19  2:20  Drone  
  19  2:22  Drone x3  
  23  2:26  Queen  
  25  2:30  Drone  
  25  2:34  Drone  
  27  2:44  Drone  
  27  2:48  Overlord  
  27  2:50  Metabolic Boost  
  28  2:54  Overlord  
  28  3:08  Drone x2, Queen  
  28  3:12  Drone x2  
  34  3:18  Drone  
  35  3:21  Drone  
  36  3:31  Queen  
  36  3:33  Drone x2  
  40  3:41  Lair, Spore Crawler  
  39  3:48  Drone x2  
  39  3:49  Drone  
  39  3:51  Drone  
  39  3:54  Spore Crawler  
  42  3:58  Spore Crawler, Queen  
  43  4:06  Evolution Chamber, Drone x2  
  43  4:07  Drone x2  
  43  4:08  Drone  
  47  4:12  Drone x2  
  47  4:16  Drone  
  50  4:22  Overlord  
  50  4:23  Overlord  
  47  4:48  Drone x5  
  47  4:49  Spine Crawler  
  49  4:55  Hydralisk Den  
  49  4:56  Extractor  
  49  4:59  Extractor  
  46  5:01  Extractor  
  46  5:07  Drone x2  
  46  5:13  Extractor  
  46  5:16  Overseer  
  46  5:20  Drone x5  
  46  5:21  Drone  
  52  5:26  Hatchery  
Tags
 
Add a new tag
Caveats
  • Supply blocks, unpowered buildings, or Contaminate may cause inaccurate times.
  • Supply counts are checked every 10 seconds.